 Dungeon Crawl Stone Soup version 0.30.0-20-g3615ddf2f0 (webtiles) character file.

Game seed: 17692558486251112626

1310 qw the Chopper (level 8, -13/48 HPs)
             Began as a Gargoyle Fighter on May 28, 2023.
             Was a Follower of Okawaru.
             Killed from afar by an acid dragon (17 damage)
             ... with a splash of acid
             ... on level 5 of the Dungeon.
             The game lasted 00:02:16 (4510 turns).

qw the Chopper (Gargoyle Fighter)                   Turns: 4510, Time: 00:02:17

Health: -13/48     AC:  8    Str: 21    XL:     8   Next: 58%
Magic:  10/11      EV: 11    Int: 10    God:    Okawaru [*.....]
Gold:   126        SH: 12    Dex: 14    Spells: 7/7 levels left

rFire   + . .        Y - +1 war axe
rCold   . . .        r - +0 kite shield
rNeg    + . .        b - +0 scale mail
rPois   inf          t - +0 helmet
rElec   +            k - +0 cloak
rCorr   .            (no gloves)
SInv    +            (no boots)
Will    +....        (no amulet)
Stlth   ++           j - ring of protection from fire
HPRegen 0.28/turn    n - ring "Xieleash" {Will+ Dex+5 SInv}
MPRegen 0.12/turn

%: no passive effects
@: about to teleport, heroic, corroded
A: sickness immunity, AC +5, negative energy resistance 1, electricity
resistance, torment resistance 1, petrification resistance
a: Renounce Religion, Heroism


You were on level 5 of the Dungeon.
You worshipped Okawaru.
Okawaru was aware of your devotion.
You visited 1 branch of the dungeon, and saw 5 of its levels.

You collected 168 gold pieces.
You spent 42 gold pieces at shops.


Innate Abilities, Weirdness & Mutations

You are immune to sickness and miasma.
Your stone body is resilient. (AC +5)
You are immune to poison.
You resist negative energy. (rN+)
You are resistant to electric shocks. (rElec)
You are resistant to unholy torment.
You are immune to petrification.


   Skills:
 + Level 4.0(9.0) Fighting
 - Level 7.0(12.0) Axes
 - Level 3.2(8.2) Armour
 - Level 1.0(6.0) Dodging
 - Level 6.2(11.2) Shields
 - Level 4.1 Invocations


You had 7 spell levels left.
You didn't know any spells.
Your spell library was empty.

Inventory:

Hand Weapons
 s - a +2 flail of protection
 Y - a +1 war axe (weapon)
Armour
 b - a +0 scale mail (worn)
 k - a +0 cloak (worn)
 r - a +0 kite shield (worn)
 t - a +0 helmet (worn)
Jewellery
 j - a ring of protection from fire (left hand)
 n - the ring "Xieleash" (right hand) {Will+ Dex+5 SInv}
   (You found it on level 2 of the Dungeon)

   [ring of willpower]

   Dex:       It affects your dexterity (+5).
   SInv:      It lets you see invisible.
   Will:      It increases your willpower.
Scrolls
 a - a scroll of teleportation
 c - a scroll of identify
 e - a scroll of enchant armour {unknown}
Potions
 d - 3 potions of might
 f - a potion of attraction
 g - 2 potions of mutation {unknown}
 h - 2 potions of haste {unknown}
 i - a potion of brilliance {unknown}
 l - a potion of resistance {unknown}
 m - a potion of lignification {unknown}
 o - a potion of invisibility {unknown}
 p - 5 potions of curing
 q - a potion of berserk rage {unknown}
 u - a potion of cancellation {unknown}

Dungeon Overview and Level Annotations

Branches:
Dungeon (5/15)             Temple (0/1) D:5

Altars:
Cheibriados
Dithmenos
Okawaru
Ru
Sif Muna
Uskayaw
Vehumet
Wu Jian
Xom

Shops:
D:2 *

Annotations:
D:4 3 runed translucent doors, qw's ghost, amateur GrFi


Message History

The iguana bites you but does no damage.
You hit the iguana but do no damage.
The iguana is severely wounded.
You block the iguana's attack.
You hit the iguana but do no damage.
The iguana is severely wounded.
You block the iguana's attack.
You barely miss the iguana.
The iguana is severely wounded.
The iguana closely misses you.
You completely miss the iguana.
The iguana is severely wounded.
You block the iguana's attack.
You slash the iguana!
You kill the iguana!
Okawaru accepts your kill. The acid dragon spits acid at you.
The splash of acid hits you! The acid corrodes you!
Your base Axes skill increases to level 7!
Found a cloak.
The acid dragon barely misses you.
The acid dragon claws you but does no damage.
Items here: %%% )) [[.
Enter note:
Enter note:
Enter note:
Enter note: You hit the acid dragon but do no damage.
You hit the acid dragon but do no damage.
The acid dragon spits acid at you. The splash of acid hits you!
The acid corrodes you!
4509 ||| READING 2 scrolls of teleportation.
As you read the scroll of teleportation, it crumbles to dust.
You feel strangely unstable.
The acid dragon bites you but does no damage.
The acid dragon claws you.
You barely miss the acid dragon. The acid dragon spits acid at you.
The splash of acid hits you!
You die...

.##########
#............# .#
##..}..>..}..## .# #
#............# .# #.
#..###...###.# ##.
#....#.}.#...##
..#..#
#...)#...#.....
....###..............
#..##.###..#..##.#.
#@.#.###..#.###.##
#D#........#.# #...
..##..........# ####
.... ###.###.####
..... #.###.#### #
[##.# #........# ##
#. #.#..#.###.# ##. .
.O...#.#.#.# ##..
#....)...###...


You could see an acid dragon (catching breath).

Vanquished Creatures
  2 black bears (D:5)
  An ice beast (D:5)
  4 ogres
  3 scorpions
  A gnoll bouda (D:5)
  2 hounds (D:5)
  A sleepcap (D:5)
  2 iguanas (D:5)
  3 orc wizards (D:5)
  Natasha (twice) (D:3)
  Robin (D:3)
  8 gnolls
  5 adders
  3 ufetubi
  A worm (D:2)
  2 dart slugs
  4 orcs (D:5)
  6 ball pythons
  8 endoplasms
  4 giant cockroaches
  9 goblins
  8 hobgoblins
  4 jackals (D:1)
  2 quokkas
  9 bats
  4 frilled lizards (D:1)
  9 kobolds
  6 rats
114 creatures vanquished.

Notes
Turn   | Place    | Note
-------+----------+-------------------------------------------
     0 | D:1      | qw the Gargoyle Fighter began the quest for the Orb.
     0 | D:1      | Reached XP level 1. HP: 14/14 MP: 1/1
     0 | D:1      | 0 ||| qw: Version: 0.2-a-101-gf8a7cd0
     0 | D:1      | 0 ||| qw: Game counter: 262
     0 | D:1      | 0 ||| qw: Always use a shield: true
     0 | D:1      | 0 ||| qw: God list: Okawaru
     0 | D:1      | 0 ||| qw: Allow faded altars: false
     0 | D:1      | 0 ||| qw: Do Orc after D:15 true
     0 | D:1      | 0 ||| qw: Do second Lair branch before Depths: true
     0 | D:1      | 0 ||| qw: Lair rune preference: random
     0 | D:1      | 0 ||| qw: Plans: Normal, Zot:1-4, Slime:5, God:TSO, Crypt,
                  | Tomb, Pan, Hells, Abyss, Win
     0 | D:1      | 0 ||| PLANNING D:1-11
    16 | D:1      | 16 ||| Stepping ~*~*~tactically~*~*~ (hiding).
    17 | D:1      | 17 ||| Stepping ~*~*~tactically~*~*~ (hiding).
    19 | D:1      | 19 ||| Stepping ~*~*~tactically~*~*~ (hiding).
    28 | D:1      | Reached skill level 2 in Axes
   249 | D:1      | Reached XP level 2. HP: 19/19 MP: 2/2
   289 | D:1      | 289 ||| Stepping ~*~*~tactically~*~*~ (stealth).
   290 | D:1      | 290 ||| Stepping ~*~*~tactically~*~*~ (stealth).
   308 | D:1      | 308 ||| Stepping ~*~*~tactically~*~*~ (stealth).
   336 | D:1      | 336 ||| Stepping ~*~*~tactically~*~*~ (stealth).
   345 | D:1      | Reached skill level 3 in Axes
   385 | D:1      | Reached XP level 3. HP: 23/23 MP: 3/3
   623 | D:1      | 623 ||| Stepping ~*~*~tactically~*~*~ (water).
   673 | D:1      | 673 ||| Stepping ~*~*~tactically~*~*~ (hiding).
   674 | D:1      | 674 ||| Stepping ~*~*~tactically~*~*~ (hiding).
  1161 | D:1      | 1161 ||| UPGRADING to ring of protection from fire.
  1162 | D:1      | 1162 ||| READING scroll labelled REUMOFUEKE.
  1166 | D:1      | 1166 ||| READING scroll labelled ETASIT LUELO.
  1374 | D:2      | 1374 ||| UPGRADING to +0 cloak.
  1387 | D:2      | 1387 ||| Stepping ~*~*~tactically~*~*~ (stealth).
  1406 | D:2      | Identified the ring "Xieleash" {Will+ Dex+5 SInv}
  1452 | D:2      | Found Hoiruo's General Store.
  1459 | D:2      | 1459 ||| BUYING potion of curing (42 gold).
  1459 | D:2      | Bought a potion of curing for 42 gold pieces
  1459 | D:2      | 1459 ||| SHOPLISTING scroll of identify (28 gold, have 25).
  1470 | D:2      | 1470 ||| Stepping ~*~*~tactically~*~*~ (hiding).
  1619 | D:2      | Found a radiant altar of Vehumet.
  1632 | D:2      | 1632 ||| UPGRADING to +0 kite shield.
  1642 | D:2      | 1642 ||| DROPPING +0 buckler.
  1956 | D:2      | 1956 ||| UPGRADING to ring "Xieleash" {Will+ Dex+5 SInv}.
  1957 | D:2      | 1957 ||| READING scroll labelled PETUQUBAL.
  1958 | D:2      | 1958 ||| READING scroll labelled BEUMAI OTATT.
  1959 | D:2      | 1959 ||| READING scroll labelled TYFROI EGYWN.
  2205 | D:3      | Reached XP level 4. HP: 28/28 MP: 4/4
  2249 | D:3      | Noticed Natasha
  2257 | D:3      | Killed Natasha
  2533 | D:3      | Noticed Robin
  2543 | D:3      | Killed Robin
  2544 | D:3      | Reached XP level 5. HP: 32/32 MP: 5/5
  2610 | D:3      | Reached skill level 4 in Axes
  2659 | D:3      | Noticed Natasha
  2667 | D:3      | Killed Natasha
  2668 | D:3      | Reached skill level 1 in Dodging
  2711 | D:3      | Found a shimmering blue altar of Sif Muna.
  2727 | D:3      | Found a sacrificial altar of Ru.
  2727 | D:3      | Found an ornate altar of the Wu Jian Council.
  2729 | D:3      | Found a hide-covered altar of Uskayaw.
  2730 | D:3      | Found a shimmering altar of Xom.
  2731 | D:3      | Found a shadowy altar of Dithmenos.
  2732 | D:3      | Found a snail-covered altar of Cheibriados.
  2818 | D:3      | 2818 ||| UPGRADING to +0 helmet.
  2823 | D:3      | 2823 ||| READING scroll labelled POLLAO XONEJU.
  2824 | D:3      | 2824 ||| READING scroll labelled RUSOWU AQYONER.
  2825 | D:3      | 2825 ||| READING scroll labelled JAETACS QOSO.
  2844 | D:4      | 2844 ||| STAIRDANCE
  2888 | D:4      | Noticed an ogre
  2892 | D:4      | Killed an ogre
  2893 | D:4      | Reached XP level 6. HP: 37/37 MP: 6/6
  2926 | D:4      | Noticed qw's ghost (amateur GrFi)
  3063 | D:4      | Reached skill level 5 in Axes
  3065 | D:4      | 3065 ||| DROPPING +0 whip.
  3072 | D:4      | Found an iron altar of Okawaru.
  3073 | D:4      | 3073 ||| PLANNING OKAWARU WORSHIP
  3073 | D:4      | 3073 ||| READING 2 scrolls of identify.
  3073 | D:4      | 3073 ||| IDENTIFYING dark potion
  3088 | D:4      | Became a worshipper of Warmaster Okawaru
  3088 | D:4      | 3088 ||| PLANNING D:1-11
  3211 | D:4      | Reached XP level 7. HP: 43/43 MP: 7/7
  3468 | D:4      | Found a runed translucent gate.
  3468 | D:4      | Found a runed translucent gate.
  3468 | D:4      | Found a runed translucent gate.
  3485 | D:4      | 3485 ||| Stepping ~*~*~tactically~*~*~ (stealth).
  3487 | D:4      | 3487 ||| Stepping ~*~*~tactically~*~*~ (hiding).
  3489 | D:4      | 3489 ||| Stepping ~*~*~tactically~*~*~ (hiding).
  3773 | D:4      | 3773 ||| READING scroll labelled RAEWAI JOXUSM.
  3774 | D:4      | 3774 ||| READING scroll labelled HOUJUIKYKO.
  3786 | D:5      | Entered Level 5 of the Dungeon
  3837 | D:5      | 3837 ||| Stepping ~*~*~tactically~*~*~ (hiding).
  4062 | D:5      | Reached * piety under Okawaru
  4063 | D:5      | Reached skill level 6 in Axes
  4142 | D:5      | Found a staircase to the Ecumenical Temple.
  4161 | D:5      | 4161 ||| Stepping ~*~*~tactically~*~*~ (hiding).
  4162 | D:5      | 4162 ||| Stepping ~*~*~tactically~*~*~ (hiding).
  4174 | D:5      | Reached skill level 1 in Invocations
  4319 | D:5      | 4319 ||| INVOKING Heroism.
  4320 | D:5      | 4320 ||| Stepping ~*~*~tactically~*~*~ (stealth).
  4328 | D:5      | Reached skill level 6 in Shields
  4328 | D:5      | Reached XP level 8. HP: 47/48 MP: 7/10
  4333 | D:5      | 4333 ||| INVOKING Heroism.
  4337 | D:5      | Reached skill level 3 in Invocations
  4398 | D:5      | 4398 ||| FLEEEEING.
  4399 | D:5      | 4399 ||| FLEEEEING.
  4400 | D:5      | 4400 ||| FLEEEEING.
  4401 | D:5      | 4401 ||| FLEEEEING.
  4438 | D:5      | 4438 ||| INVOKING Heroism.
  4495 | D:5      | 4495 ||| INVOKING Heroism.
  4506 | D:5      | Reached skill level 7 in Axes
  4508 | D:5      | HP: 7/48 [acid dragon/splash of acid (13)]
  4509 | D:5      | 4509 ||| READING 2 scrolls of teleportation.
  4509 | D:5      | HP: 3/48 [acid dragon (4)]
  4510 | D:5      | Killed from afar by an acid dragon

Levels and vault maps discovered:
D:1:      erik_arrival_cave_to_civilisation [erik_arrival_cave_to_hall],
          layout_basic, serial_bayou, serial_bayou_lagoon_a,
          serial_bayou_pond_c, serial_bayou_lagoon_b, serial_bayou_shore_a,
          serial_bayou_pond_b, serial_bayou_ford_a, minmay_heptomino_o4
D:2:      layout_loops_cross, serial_shops, nicolae_shop_tiny_real_fake_doors,
          basic_altar, nicolae_concentric_dashed_squares_wild
D:3:      layout_basic, minitemple, uniq_robin, uniq_natasha
D:4:      layout_cave_pods, mainiacjoe_overflow_boulevard, gammafunk_ghost_icy
D:5:      layout_loops_corners, minmay_temple_entry_junction_2,
          minmay_ruined_shrine

Skill      XL: |  1  2  3  4  5  6  7  8 |
---------------+-------------------------+-----
Axes           | 2 3 4 5 6 7 |  7.0
Shields        | 4 5 6 |  6.2
Dodging        | 1 |  1.0
Fighting       | 4 |  4.0
Invocations    | 2 4 |  4.1
Armour         | |  3.2

Action                     |  1- 3 |  4- 6 |  7- 9 || total
---------------------------+-------+-------+-------++-------
  Melee: War axe           |   143 |   101 |   129 ||   373
 Invoke: Heroism           |       |       |     4 ||     4
    Use: Scroll            |     5 |     4 |     3 ||    12
 Armour: Scale mail        |    86 |    35 |    70 ||   191
  Dodge: Dodged            |    82 |    36 |    45 ||   163
  Block: Buckler           |    38 |       |       ||    38
         Kite shield       |     3 |    44 |    56 ||   103

Table legend:
 A = Non-vault XP
 B = Vault XP
 C = Vault XP percentage of total XP
 D = Non-vault monster count
 E = Vault monster count
 F = Vault count percentage of total count
                 A         B        C        D         E       F
            +---------+---------+-------+---------+---------+-------
      Total |    1478 |     394 |  21.0 |      88 |      26 |  22.8
            +---------+---------+-------+---------+---------+-------
        D:1 |      36 |      17 |  32.1 |      23 |       9 |  28.1
        D:2 |      17 |       0 |   0.0 |       9 |       0 |   0.0
        D:3 |      90 |      63 |  41.2 |      17 |       9 |  34.6
        D:4 |     424 |       0 |   0.0 |      19 |       0 |   0.0
        D:5 |     911 |     314 |  25.6 |      20 |       8 |  28.6
            +---------+---------+-------+---------+---------+-------
